 Dungeon Crawl Stone Soup version 0.27-a0-1378-gdefffd1ff6 (webtiles) character file.

Game seed: 12319490222004230026

46 sanka the Magician (level 3, -1/25 HPs)
             Began as a Djinni Summoner on June 29, 2021.
             Slain by an iron imp (11 damage)
             ... summoned by Natasha
             ... on level 2 of the Dungeon.
             The game lasted 00:01:33 (1641 turns).

sanka the Magician (Djinni Summoner)                Turns: 1641, Time: 00:01:34

Health: -1/25      AC:  2    Str:  7    XL:     3   Next: 95%
Gold:   48         EV: 12    Int: 16    God:
                   SH:  0    Dex: 14

rFire    + + .     SeeInvis .   b - +0 dagger (drain)
rCold    x . .     Faith    .   (no shield)
rNeg     . . .     Spirit   .   a - +0 robe
rPois    ∞         Reflect  .   (no helmet)
rElec    .         Harm     .   (no cloak)
rCorr    .         Rampage  .   (no gloves)
Will     .....                  (boots unavailable)
Stlth    ++........             (no amulet)
HPRegen  0.08/turn              (no ring)
MPRegen  0.00/turn              (no ring)

@: flying
A: sickness immunity, fire resistance 2, cold vulnerability 1, float, innate
caster, hp casting, extra vitality 1
a: no special abilities


You were on level 2 of the Dungeon.
You visited 1 branch of the dungeon, and saw 2 of its levels.

You collected 48 gold pieces.


Innate Abilities, Weirdness & Mutations

You are immune to sickness and miasma.
You are immune to poison.
Your flesh is very heat resistant. (rF++)
You are vulnerable to cold. (rC-)
You float through the air rather than walking.
You learn spells naturally, not from books.
Your magical power is your life essence.
You have superior vitality. (+4 HP)


   Skills:
 - Level 2.1 Dodging
 - Level 1.5 Stealth
 + Level 4.2 Spellcasting


You couldn't memorise any spells.
You knew the following spells:

 Your Spells              Type           Power      Damage    Failure   Level
c - Call Canine Familiar  Summ           16%        N/A       9%          3
v - Summon Ice Beast      Ice/Summ       16%        N/A       28%         4
x - Call Imp              Summ           16%        N/A       4%          2
y - Sting                 Tmut/Pois      64%        1d6       3%          1
z - Summon Small Mammal   Summ           64%        N/A       3%          1
X - Summon Lightning Spi  Summ/Air       16%        N/A       28%         4
Z - Summon Guardian Gole  Hex/Summ       16%        N/A       9%          3
Your spell library was empty.

Inventory:

Hand Weapons
 b - a +0 dagger of draining (weapon)
Armour
 a - a +0 robe (worn)
Magical Staves
 f - a staff of fire
Scrolls
 c - a scroll of blinking {unknown}
 d - 2 scrolls of noise {unknown}
 i - a scroll of immolation {unknown}
Potions
 e - a potion of ambrosia {unknown}
 g - a potion of curing {unknown}
 h - a potion of resistance {unknown}

Dungeon Overview and Level Annotations

Branches:
Dungeon (2/15)

Altars:

Annotations:
D:2 1 runed translucent door, Crazy Yiuf, Natasha

▒▒▒▒▒▒▒▒ ▒▒. ▒▒▒▒▒▒▒▒▒
▒▒▒▒▒▒▒▒ ...
▒.......▒▒▒......▒ ..
▒5▒▒.........▒▒▒.▒ ▒▒▒.
▒5▒▒......†..▒ ▒.▒
▒...▒▒▒R▒▒.........▒▒▒'▒
▒..hgh5▒▒.........▒....
▒▒.†h▒▒▒▒.........▒....
▒...▒ ▒.........▒....
▒..▒▒.▒ ▒.........▒....
▒▒[ ▒h.............▒....
. .h.▒▒▒▒▒▒▒▒▒▒▒▒▒.... .
..g.▒ ▒.... ▒▒ .....▒
▒....


You could see an iron imp (summoned, ally target), Natasha (drained), 2 jackals,
a hobgoblin, a friendly crimson imp (summoned) and a friendly shadow imp
(summoned).


Message History

You drain Natasha.
Natasha is lightly wounded.
Natasha claws you. The hobgoblin closely misses you.
Unknown command.
Natasha mumbles some strange words.
Natasha shimmers violently.
Natasha casts a spell.
A beastly little devil appears in a puff of flame.
Natasha misses you.
A shadowy apparition takes form in the air.
The iron imp closely misses you. Natasha claws you.
You barely miss Natasha.
Natasha is lightly wounded.
The iron imp closely misses you. Natasha claws you.
* * * LOW HITPOINT WARNING * * *
Unknown command.
You hit Natasha but do no damage.
Natasha is lightly wounded.
The iron imp completely misses you. Natasha claws you but does no damage.
Unknown command.
You hit Natasha but do no damage.
Natasha is lightly wounded.
Natasha claws you.
* * * LOW HITPOINT WARNING * * *
The iron imp hits you!
You die...

Action                   || total
-------------------------++-------
Melee: Dagger            ||    79
 Cast: Summon Small Mamm ||     3
       Call Imp          ||     2
 Stab: Sleeping          ||     3
Armor: Robe              ||    11
Dodge: Dodged            ||    52

Levels and vault maps discovered:
D:1:      grunt_arrival_crossed_arrows, layout_basic,
          hellmonk_ecumenical_altar_pennies_from_heaven, minmay_misc_feat_roman
D:2:      layout_basic, minmay_pentomino_pile, uniq_crazy_yiuf_cottage,
          uniq_natasha

Notes
Turn   | Place    | Note
-------+----------+-------------------------------------------
     0 | D:1      | sanka the Djinni Summoner began the quest for the Orb.
     0 | D:1      | Reached XP level 1. HP: 15/15 MP: 0/0
   132 | D:1      | Reached XP level 2. HP: 14/21 MP: 0/0
   802 | D:1      | Found a faded altar of an unknown god.
  1025 | D:2      | Found a runed translucent door.
  1026 | D:2      | Noticed Crazy Yiuf
  1209 | D:2      | Reached XP level 3. HP: 21/25 MP: 0/0
  1209 | D:2      | Learned a level 1 spell: Sting
  1379 | D:2      | Reached skill level 4 in Spellcasting
  1628 | D:2      | Noticed Natasha
  1641 | D:2      | Slain by an iron imp

Vanquished Creatures
  2 adders (D:2)
  A ball python (D:2)
  3 bats
  2 endoplasms
  3 giant cockroaches
  2 hobgoblins
  4 jackals (D:1)
  A frilled lizard (D:1)
  2 goblins (D:2)
  2 kobolds
  2 rats
24 creatures vanquished.

Vanquished Creatures (collateral kills)
  A bat (D:1)
  A giant cockroach (D:1)
  A goblin (D:1)
3 creatures vanquished.

Grand Total: 27 creatures vanquished
